 Dungeon Crawl Stone Soup version 0.28-a0-2-g643f2454ad (webtiles) character file.

Game seed: 4549851976759640038

0 zero the Conjurer (level 1, 0/10 HPs)
             Began as a Gargoyle Conjurer on July 22, 2021.
             Slain by a rat (2 damage)
             ... on level 1 of the Dungeon.
             The game lasted 00:00:19 (53 turns).

zero the Conjurer (Gargoyle Conjurer)                 Turns: 53, Time: 00:00:20

Health: 0/10       AC:  4    Str: 10    XL:     1   Next: 10%
Magic:  2/3        EV: 11    Int: 18    God:
Gold:   18         SH:  0    Dex:  8    Spells: 3/4 levels left

rFire   . . .      SeeInvis .   (no weapon)
rCold   . . .      Faith    .   (no shield)
rNeg    + . .      Spirit   .   a - +0 robe
rPois   ∞          Reflect  .   (no helmet)
rElec   +          Harm     .   (no cloak)
rCorr   .          Rampage  .   (no gloves)
Will    .....                   (no boots)
Stlth   ++........              (no amulet)
HPRegen 0.03/turn               (no ring)
MPRegen 0.08/turn               (no ring)

@: no status effects
A: sickness immunity, AC +2, negative energy resistance 1, electricity
resistance, torment resistance 1, petrification resistance
a: no special abilities


You were on level 1 of the Dungeon.
You visited 1 branch of the dungeon, and saw 1 of its levels.

You collected 18 gold pieces.

Inventory:

Armour
 a - a +0 robe (worn)
Scrolls
 b - a scroll of teleportation {unknown}


   Skills:
 + Level 0.1 Fighting
 - Level 1.5 Dodging
 - Level 2.1 Stealth
 - Level 2.0 Spellcasting
 + Level 4.4 Conjurations


You had 3 spell levels left.
You knew the following spells:

 Your Spells              Type           Power      Damage    Failure   Level
a - Magic Dart            Conj           68%        1d6       3%          1

Your spell library contained the following spells:

 Spells                   Type           Power      Damage    Failure   Level
 Searing Ray              Conj           34%        3d4       4%          2
 Dazzling Flash           Conj/Hex       18%        N/A       22%         3
 Fulminant Prism          Conj/Hex       4%         3d6       58%         4
 Iskenderun's Mystic Bla  Conj/Tloc      9%         2d4       58%         4


Dungeon Overview and Level Annotations

Branches:
Dungeon (1/15)

Altars:


Innate Abilities, Weirdness & Mutations

You are immune to sickness and miasma.
Your stone body is resilient. (AC +2)
You are immune to poison.
You resist negative energy. (rN+)
You are resistant to electric shocks. (rElec)
You are resistant to unholy torment.
You are immune to petrification.


Message History

A kobold is nearby!
The magic dart hits the kobold.
The kobold is moderately wounded.
A giant cockroach comes into view.
A rat comes into view.
The magic dart hits the kobold but does no damage.
The kobold is moderately wounded.
A dart slug comes into view.
The kobold closely misses you.
The dart slug moves out of view.
The magic dart hits the kobold but does no damage.
The kobold is moderately wounded.
The kobold hits you with a +0 club.
You are too depleted to draw on your mana recklessly!
You hit the rat but do no damage. The rat misses you.
The kobold hits you with a +0 club.
There is an open door here.
There is an escape hatch in the floor here.
You open the door.
A ball python comes into view.
The rat closely misses you.
The ball python hisses angrily.
There is an open door here.
You barely miss the ball python. The ball python barely misses you.
The ball python closely misses you. The rat bites you but does no damage.
You hit the ball python.
The ball python is moderately wounded.
The ball python bites you. The ball python closely misses you.
The rat bites you but does no damage. The ball python bites you.
The ball python barely misses you. The kobold hits you with a +0 club.
You hit the ball python.
You kill the ball python!
The rat bites you.
* * * LOW HITPOINT WARNING * * *
The kobold closely misses you.
You see here a ball python corpse.
Found 12 gold pieces.
The giant cockroach waves its antennae.
A kobold comes into view.
It is wielding a +1 whip of electrocution.
The rat closely misses you. The rat bites you.
You die...

####.# #^#.# ##. ###.#
#.. #9#[# #.# #####.#
#.## #.# #^#...#
#....####.# ###.###
#......###### #p#.#^#
#######@KB.....#####.###
......$.r....w...##...##
#######.######...†'.>.'.
#K# ##..##...## ..#
##.###### ..## #.# #O#
..# #.. ### #.# #### ..


You could see a dart slug, a giant cockroach, 2 kobolds and a rat.

Vanquished Creatures
  A ball python (D:1)
1 creature vanquished.

Notes
Turn   | Place    | Note
-------+----------+-------------------------------------------
     0 | D:1      | zero the Gargoyle Conjurer began the quest for the Orb.
     0 | D:1      | Reached XP level 1. HP: 10/10 MP: 3/3
     0 | D:1      | Noticed a troll
     0 | D:1      | Noticed a felid
     3 | D:1      | Noticed a human
     6 | D:1      | Noticed a demonspawn
    12 | D:1      | Noticed a naga
    12 | D:1      | Noticed a dwarf
    15 | D:1      | Noticed a vine stalker
    17 | D:1      | Noticed a gargoyle
    17 | D:1      | Noticed a ghoul
    19 | D:1      | Noticed a felid
    19 | D:1      | Noticed a human
    21 | D:1      | Noticed an ogre
    53 | D:1      | Slain by a rat

Illustrated notes

Levels and vault maps discovered:
D:1:      shiori_arrival_whats_in_store_for_you, layout_rooms, minmay_distorted

Action                   || total
-------------------------++-------
Melee: Unarmed           ||     4
 Cast: Magic Dart        ||     3
Armor: Robe              ||     2
Dodge: Dodged            ||     9

Table legend: (Time is in decaauts)
 A = Elapsed time spent in this place.
 B = Non-inter-level travel time spent in this place.
 C = Inter-level travel time spent in this place.
 D = Time resting spent in this place.
 E = Time spent auto-exploring this place.
 F = Levels seen in this place.
 G = Mean time per level.
                   A        B        C        D        E       F      G
               +--------+--------+--------+--------+--------+-----+--------+
         Total |     53 |     53 |      0 |      0 |     24 |   1 |   53.0 |
       Dungeon |     53 |     53 |      0 |      0 |     24 |   1 |   53.0 |
               +--------+--------+--------+--------+--------+-----+--------+

Top non-repeatable levels by time:
     D:1: 53 daAuts
